 Dungeon Crawl Stone Soup version 0.28-a0-938-gbc3f381ebc (webtiles) character file.

Game seed: 10870494952375405307

3640 croobank the Gouger (level 9, -29/39 HPs)
             Began as a Felid Monk on Nov 29, 2021.
             Was a High Priest of Jiyva.
             Annihilated by an orc knight (46 damage)
             ... in a bailey on Nov 30, 2021.
             The game lasted 00:53:39 (7426 turns).

croobank the Gouger (Felid Monk)                    Turns: 7426, Time: 00:53:42

Health: -29/39     AC:  4    Str: 14    XL:     9   Next: 87%
Magic:  20/20      EV: 24    Int: 12    God:    Jiyva [*****.]
Gold:   391        SH:  0    Dex: 19    Spells: 7/17 levels left
                                        Lives:  0   Deaths: 2

rFire   x . .      SeeInvis +     - Unarmed
rCold   + + .      Faith    .   (shield unavailable)
rNeg    . . .      Spirit   .   (armour unavailable)
rPois   +          Reflect  .   (helmet unavailable)
rElec   .          Harm     .   (cloak unavailable)
rCorr   +          Rampage  .   (gloves unavailable)
Will    +....                   (boots unavailable)
Stlth   +++++.....              a - amulet "Coexzil" {RegenMP Regen+}
HPRegen 2.37/turn               t - ring of poison resistance
MPRegen 1.02/turn               g - ring of ice

@: quick
A: very small, claws 1, fangs 3, see invisible, speed 1, shaggy fur 2, stealthy
paws, no weapons or thrown items, no armour, multi-lived, cold resistance 1,
high mp 2, strong 2, gelatinous body 2, translucent skin 1, MP-powered wands
a: Renounce Religion, Oozemancy, Slimify


You were in a bailey.
You worshipped Jiyva.
Jiyva was extremely pleased with you.
You visited 1 branch of the dungeon, and saw 9 of its levels.
You also visited: Bailey.

You collected 391 gold pieces.

Inventory:

Missiles
 b - 212 stones
Jewellery
 a - the amulet "Coexzil" (around neck) {RegenMP Regen+}
   (You acquired it on level 2 of the Dungeon)

   [amulet of magic regeneration]

   It increases your rate of magic regeneration.
   Regen:     It increases your rate of health regeneration.
 g - a ring of ice (right paw)
 n - a ring of positive energy
 t - a ring of poison resistance (left paw)
Wands
 c - a wand of flame (19)
 q - a wand of charming (11)
 r - a wand of acid (6)
 u - a wand of polymorph (9)
Scrolls
 e - 3 scrolls of magic mapping {unknown}
 i - 4 scrolls of immolation
 j - 2 scrolls of blinking {unknown}
 k - 4 scrolls of teleportation
 l - a scroll of enchant weapon {unknown}
 p - a scroll of noise {unknown}
 s - a scroll of fear {unknown}
Potions
 f - 2 potions of invisibility
 h - 2 potions of haste {unknown}
 m - 2 potions of lignification
 o - a potion of curing {unknown}


   Skills:
 - Level 4.0 Fighting
 - Level 7.4 Dodging
 - Level 9.1 Stealth
 - Level 9.1 Unarmed Combat
 - Level 4.6 Spellcasting
 + Level 6.3 Conjurations
 - Level 6.8 Translocations
 + Level 2.4 Air Magic
 + Level 4.2 Poison Magic
 - Level 3.3 Evocations


You had 7 spell levels left.
You knew the following spells:

 Your Spells              Type           Power      Damage    Failure   Level
a - Magic Dart            Conj           72%        1d6       1%          1
b - Mephitic Cloud        Conj/Pois/Air  13%        N/A       11%         3
c - Call Imp              Summ           2%         N/A       30%         2
d - Passage of Golubria   Tloc           19%        N/A       12%         4

Your spell library contained the following spells:

 Spells                   Type           Power      Damage    Failure   Level
 Silence                  Hex/Air        2%         N/A       98%         5
 Lehudib's Crystal Spear  Conj/Erth      5%         10d3      100%        8


Dungeon Overview and Level Annotations

Branches:
Dungeon (9/15)             Temple (0/1) D:6             Orc (0/2) D:9
 Bailey (1/1)
   Lair: D:8-11

Altars:
Ashenzari
Cheibriados
Fedhas
Hepliaklqana
Kikubaaqudgha
Makhleb
Nemelex Xobeh
Ru
Xom
Yredelemnul
Zin
Jiyva

Annotations:
D:3 1 runed translucent door, freelancePsychic's ghost, amateur DjNe


Innate Abilities, Weirdness & Mutations

You have sharp claws.
You have razor-sharp teeth.
You have supernaturally acute eyesight. (SInv)
You cover ground quickly. (Speed+)
You are covered in thick fur. (AC +2)
Your paws help you pounce on unaware monsters.
You are incapable of wielding weapons or throwing items.
You cannot wear armour.
You gain extra lives every three experience levels.
Your flesh is cold resistant. (rC+)
You have a considerably increased reservoir of magic. (+20% MP)
Your muscles are very strong. (Str +4)
Your pliable body absorbs attacks. (AC +2, EV +2)
Your translucent skin slightly reduces your foes' accuracy. (Stealth+)
You expend magic power (3 MP) to strengthen your wands.


Message History

The orc knight is lightly wounded.
Your acid blob spits acid at the orc knight.
The splash of acid hits the orc knight!
The acid corrodes the orc knight!
The orc knight misses you.
The orc knight roars a battlecry!
The orc knight goes into a battle-frenzy!
You scratch the orc knight. You claw the orc knight.
The orc knight is heavily wounded.
Your acid blob spits acid at the orc knight.
The splash of acid hits the orc knight!!
The orc knight roars a battlecry!
The orc knight goes into a battle-frenzy!
Your acid blob closely misses the orc knight.
You scratch the orc knight. Your bite misses the orc knight.
The orc knight is almost dead.
Your acid blob dissolves into a puddle of slime!
Your acid blob hits the orc knight.
The orc knight is splashed with acid.
The orc knight barely misses you.
You scratch the orc knight.
You kill the orc knight!
Your Poison Magic skill increases to level 4!
Your acid blob dissolves into a puddle of slime!
Things that are here:
a +0 halberd; a +0 plate armour; an orc corpse The orc knight hits you from afar with a +0 halberd!!
Ouch! That really hurt!
You shudder from the blow and a flood of jellies pours out from you!
The orc knight closely misses you.
You scratch the orc knight.
The orc knight is lightly wounded.
Your quicksilver ooze hits the orc knight!
Your quicksilver ooze engulfs the orc knight!
Your quicksilver ooze hits the orc knight but does no damage.
You scratch the orc knight but do no damage.
The orc knight is lightly wounded.
Your quicksilver ooze hits the orc knight!!
Your quicksilver ooze hits the orc knight.
The orc knight hits you with a +0 halberd!!!
Ouch! That really hurt!
You die...

# ####### ######
..###.....#########.....
...'.......#.....#......
...'...J...'.....'J.....
...'..o@.)J'.....'......
...'..JJ...'.....'......
...'.......#.....#......
..###.....#########.....
# ####### ######


You could see an orc knight (strong, asphyxiating, ally target), a neutral jelly
(wandering) (fellow slime) and 3 friendly quicksilver oozes.

Vanquished Creatures
  Pikel (D:8)
  An orc knight (Bailey)
  A shadow (D:9)
  2 vampires (D:6)
  A steam dragon (D:9)
  2 acid dragons
  2 orc warriors (Bailey)
  A sky beast (D:7)
  4 ice beasts
  A necrophage (D:4)
  4 ogres
  3 centaurs
  A phantom (D:9)
  A kobold brigand (D:9)
  2 bullfrogs
  4 scorpions
  A wyvern skeleton (D:7)
  A water moccasin skeleton (D:7)
  3 troll zombies (D:9)
  10 wights
  2 howler monkeys (D:8)
  2 hounds
  4 orc priests
  A centaur skeleton (D:6)
  An iguana (D:6)
  Terence (D:2)
  2 orc wizards (D:8)
  3 ogre zombies (D:9)
  3 gnolls (D:8)
  3 adders
  2 shadow imps
  A white imp (D:6)
  5 dart slugs
  35 orcs
  4 bats
  2 endoplasms
  4 giant cockroaches
  7 goblins
  4 hobgoblins
  2 quokkas
  7 ball pythons
  3 frilled lizards
  4 goblin skeletons (D:9)
  A goblin zombie (D:9)
  A hobgoblin skeleton (D:9)
  A hobgoblin zombie (D:9)
  14 kobolds
  3 orc skeletons (D:9)
  9 orc zombies (D:9)
  7 rats
184 creatures vanquished.

Vanquished Creatures (collateral kills)
  2 orc knights (Bailey)
  Joseph (D:8)
  A gargoyle (D:9)
  An unseen horror (D:8)
  A shadow (D:9)
  An acid dragon (D:9)
  5 orc warriors (Bailey)
  2 centaurs
  An orc priest (D:8)
  2 gnolls (D:8)
  10 orcs
  A bush (D:6)
28 creatures vanquished.

Vanquished Creatures (others)
  A scorpion (D:4)
  A wight (D:9)
  An electric eel (D:6)
  16 jellies
  Robin (D:4)
  An adder (D:5)
  2 endoplasms
  4 orcs
  A bat (D:3)
  5 goblins (D:4)
  4 hobgoblins (D:4)
  A quokka (D:4)
  A rat (D:3)
  A plant (D:6)
  6 withered plants (D:8)
46 creatures vanquished.

Grand Total: 258 creatures vanquished

Notes
Turn   | Place    | Note
-------+----------+-------------------------------------------
     0 | D:1      | croobank the Felid Monk began the quest for the Orb.
     0 | D:1      | Reached XP level 1. HP: 10/10 MP: 2/2
   464 | D:1      | Reached XP level 2. HP: 14/14 MP: 3/3
  1256 | D:2      | Reached XP level 3. HP: 17/17 MP: 4/4
  1286 | D:2      | Found a faded altar of an unknown god.
  1297 | D:2      | Prayed at the altar of an unknown god.
  1297 | D:2      | Became a worshipper of Jiyva Jutoskif the Shapeless
  1297 | D:2      | Reached * piety under Jiyva
  1297 | D:2      | Reached ** piety under Jiyva
  1324 | D:2      | Noticed Terence
  1327 | D:2      | Killed Terence
  1347 | D:2      | Reached XP level 4. HP: 21/21 MP: 5/5
  1486 | D:2      | Acquired the amulet "Coexzil" {RegenMP Regen+}
  1597 | D:3      | Reached *** piety under Jiyva
  1619 | D:3      | Gained mutation: Your translucent skin slightly reduces
                  | your foes' accuracy. (Stealth+) [Jiyva's grace]
  1619 | D:3      | Gained mutation: Your translucent skin reduces your foes'
                  | accuracy. (Stealth+) [Jiyva's grace]
  1619 | D:3      | Gained mutation: Your transparent skin significantly
                  | reduces your foes' accuracy. (Stealth+) [Jiyva's grace]
  1619 | D:3      | Gained mutation: Your flesh is cold resistant. (rC+)
                  | [Jiyva's grace]
  1756 | D:3      | Found a runed translucent door.
  1756 | D:3      | Noticed freelancePsychic's ghost (amateur DjNe)
  2401 | D:4      | Noticed a scorpion
  2410 | D:4      | Reached **** piety under Jiyva
  2436 | D:4      | Killed a scorpion
  2437 | D:4      | Reached XP level 5. HP: 24/24 MP: 6/6
  2571 | D:4      | Reached skill level 1 in Conjurations
  2597 | D:4      | Reached skill level 5 in Dodging
  2613 | D:4      | Noticed an ogre
  2633 | D:4      | Killed an ogre
  2634 | D:4      | Reached skill level 1 in Spellcasting
  2634 | D:4      | Gained mutation: You are covered in thick fur. (AC +2)
                  | [Felid growth]
  2634 | D:4      | Reached XP level 6. HP: 28/28 MP: 8/8
  2656 | D:4      | Reached skill level 5 in Unarmed Combat
  2819 | D:4      | Found a sparkling altar of Nemelex Xobeh.
  2948 | D:4      | Found a burning altar of Makhleb.
  2953 | D:4      | Found a glowing silver altar of Zin.
  2954 | D:4      | Noticed a blizzard demon
  2954 | D:4      | Noticed an angel
  3054 | D:4      | Killed Robin
  3306 | D:5      | Entered Level 5 of the Dungeon
  3306 | D:5      | Reached ***** piety under Jiyva
  3373 | D:5      | Reached XP level 7. HP: 31/31 MP: 10/10
  3414 | D:5      | Reached skill level 5 in Stealth
  3414 | D:5      | Reached skill level 1 in Evocations
  3433 | D:5      | Lost mutation: Your transparent skin significantly reduces
                  | your foes' accuracy. (Stealth+) [Jiyva's grace]
  3433 | D:5      | Lost mutation: Your translucent skin reduces your foes'
                  | accuracy. (Stealth+) [Jiyva's grace]
  3433 | D:5      | Gained mutation: You expend magic power (3 MP) to
                  | strengthen your wands. [Jiyva's grace]
  3433 | D:5      | Gained mutation: Your rubbery body absorbs attacks. (AC +1,
                  | EV +1) [Jiyva's grace]
  3433 | D:5      | Gained mutation: Your pliable body absorbs attacks. (AC +2,
                  | EV +2) [Jiyva's grace]
  3433 | D:5      | Gained mutation: Your gelatinous body deflects attacks. (AC
                  | +3, EV +3) [Jiyva's grace]
  3470 | D:5      | Learned a level 1 spell: Magic Dart
  3605 | D:5      | Reached XP level 8. HP: 36/36 MP: 12/12
  3704 | D:6      | Found a snail-covered altar of Cheibriados.
  3868 | D:6      | Found a staircase to the Ecumenical Temple.
  4080 | D:6      | Found a blossoming altar of Fedhas.
  4298 | D:6      | Reached XP level 9. HP: 36/39 MP: 15/15
  4303 | D:6      | Learned a level 3 spell: Mephitic Cloud
  4565 | D:7      | Learned a level 2 spell: Call Imp
  4700 | D:7      | Found a basalt altar of Yredelemnul.
  4743 | D:7      | Found a sacrificial altar of Ru.
  5039 | D:7      | Found a large runed translucent door.
  5040 | D:7      | Found a large runed translucent door.
  5059 | D:7      | Found a broken altar of Ashenzari.
  5073 | D:7      | Found a hazy altar of Hepliaklqana.
  5342 | D:8      | Reached ****** piety under Jiyva
  5601 | D:8      | Noticed an unseen horror
  5603 | D:8      | Noticed Joseph
  5632 | D:8      | Killed Joseph
  5705 | D:8      | Killed an unseen horror
  5753 | D:8      | Lost mutation: Your gelatinous body deflects attacks. (AC
                  | +3, EV +3) [Jiyva's grace]
  5753 | D:8      | Gained mutation: Your muscles are strong. (Str +2) [Jiyva's
                  | grace]
  5753 | D:8      | Gained mutation: Your muscles are very strong. (Str +4)
                  | [Jiyva's grace]
  5753 | D:8      | Gained mutation: You have an increased reservoir of magic.
                  | (+10% MP) [Jiyva's grace]
  5753 | D:8      | Gained mutation: You have a considerably increased
                  | reservoir of magic. (+20% MP) [Jiyva's grace]
  5966 | D:8      | Found an ancient bone altar of Kikubaaqudgha.
  6163 | D:8      | Noticed Pikel
  6176 | D:8      | Killed Pikel
  6177 | D:8      | Reached skill level 5 in Conjurations
  6177 | D:8      | Reached XP level 10. HP: 29/42 MP: 19/21
  6367 | D:9      | Found a staircase to the Orcish Mines.
  6379 | D:9      | Reached skill level 1 in Translocations
  6479 | D:9      | Reached skill level 5 in Translocations
  6570 | D:9      | Found a shimmering altar of Xom.
  6633 | D:9      | Noticed a gargoyle
  6648 | D:9      | Killed a gargoyle
  6654 | D:9      | Learned a level 4 spell: Passage of Golubria
  6664 | D:9      | Killed from afar by an efreet
  6665 | D:9      | Reached XP level 9. HP: -4/39 MP: 20/20
  6751 | D:9      | Killed from afar by an efreet
  6752 | D:9      | Reached XP level 8. HP: 0/36 MP: 19/19
  7014 | D:9      | Reached skill level 1 in Air Magic
  7014 | D:9      | Reached skill level 1 in Poison Magic
  7131 | D:9      | Found a flagged portal.
  7161 | Bailey   | Entered a bailey
  7344 | Bailey   | Reached XP level 9. HP: 37/39 MP: 20/20
  7369 | Bailey   | Noticed an orc knight
  7389 | Bailey   | Noticed an orc knight
  7397 | Bailey   | Killed an orc knight
  7408 | Bailey   | Killed an orc knight
  7411 | Bailey   | Noticed an orc knight
  7417 | Bailey   | Noticed an orc knight
  7421 | Bailey   | Killed an orc knight
  7426 | Bailey   | Annihilated by an orc knight

Illustrated notes

Levels and vault maps discovered:
D:1:      dpeg_arrival_boxes_within_box, layout_basic
D:2:      layout_rooms, shapermc_ecumenical_altar_pompeii, minmay_tromino_i2,
          uniq_terence
D:3:      layout_basic, ebering_ghost_inner_flame, minmay_goblin_kobold_house
D:4:      layout_basic, grunt_temple_overflow_order_and_chaos_2,
          nemelex_spade_bored_becter, serial_co_window_serial,
          co_window_corner_a, co_window_corner_a, co_window_cross_1,
          co_window_corner_a, co_window_paths_a, co_window_2corner,
          co_window_cross_4, co_window_of_opportunity_c, co_window_broadway_a,
          co_window_paths_e, minmay_misc_feat_columns, uniq_robin
D:5:      layout_rooms
D:6:      cheibrodos_two_vegetables, layout_basic,
          mainiacjoe_overflow_boulevard, fedhas_altar_3, temple_doors_cd,
          kb_lookout_dungeons_type
D:7:      layout_basic, kennysheep_mini_moat, jmf_multi_god_temple2,
          mainiacjoe_overflow_concentric_impassable
D:8:      layout_gridville, kiku_gazebo_garden_becter, uniq_joseph, uniq_pikel
D:9:      layout_roguey, lemuel_crystal_altar, zombieorc1_lemuel, enter_bailey_8
Bailey:   bailey_polearm_5, bailey

Skill      XL: |  1  2  3  4  5  6  7  8  9 10 |
---------------+-------------------------------+-----
Stealth        | 3 4 5 7 9 |  9.1
Unarmed Combat | 4 5 6 7 9 |  9.1
Conjurations   | 1 2 3 6 |  6.3
Dodging        | 5 6 7 |  7.4
Spellcasting   | 1 2 3 4 |  4.6
Evocations     | 1 2 3 |  3.3
Fighting       | 4 |  4.0
Translocations | 6 |  6.8
Air Magic      | 1 2 |  2.4
Poison Magic   | 2 4 |  4.2

Action                   |  1- 3 |  4- 6 |  7- 9 | 10-12 || total
-------------------------+-------+-------+-------+-------++-------
Melee: Unarmed           |    72 |   154 |   309 |   101 ||   636
       Bite              |     4 |    14 |    33 |    17 ||    68
       Punch             |     2 |     3 |    11 |     6 ||    22
 Cast: Mephitic Cloud    |       |       |     4 |       ||     4
Invok: Slimify           |       |       |     2 |       ||     2
       Oozemancy         |       |       |     1 |       ||     1
Evoke: Wand              |       |     8 |    16 |       ||    24
  Use: Scroll            |     2 |     6 |     2 |       ||    10
       Potion            |       |     2 |     1 |       ||     3
 Stab: Sleeping          |     7 |     4 |    16 |    11 ||    38
       Paralysed         |       |       |     6 |       ||     6
       Distracted        |       |       |     3 |       ||     3
       Confused          |       |       |     1 |       ||     1
Armor: Skin              |     3 |     3 |    12 |     5 ||    23
Dodge: Dodged            |    63 |   144 |   267 |    76 ||   550

Table legend: (Time is in decaauts)
 A = Elapsed time spent in this place.
 B = Non-inter-level travel time spent in this place.
 C = Inter-level travel time spent in this place.
 D = Time resting spent in this place.
 E = Time spent auto-exploring this place.
 F = Levels seen in this place.
 G = Mean time per level.
                   A        B        C        D        E       F      G
               +--------+--------+--------+--------+--------+-----+--------+
         Total |   6192 |   6046 |    146 |    206 |   3997 |  10 |  619.2 |
       Dungeon |   5953 |   5807 |    146 |    102 |   3995 |   9 |  661.4 |
        Bailey |    239 |    239 |      0 |    104 |      2 |   1 |  239.0 |
               +--------+--------+--------+--------+--------+-----+--------+

Top non-repeatable levels by time:
     D:1: 926 daAuts
     D:8: 841 daAuts
     D:4: 748 daAuts
     D:6: 687 daAuts
     D:9: 666 daAuts
     D:7: 657 daAuts
     D:3: 654 daAuts
     D:2: 452 daAuts
     D:5: 319 daAuts
  Bailey: 239 daAuts
